 Dungeon Crawl Stone Soup version 0.30-a0-629-gd54f4be4f7 (webtiles) character file.

Game seed: 15552765214645195218

5581 porpoise the Cleaver (level 11, -7/84 HPs)
             Began as a Formicid Fighter on Jan 13, 2023.
             Was a Believer of Qazlal.
             Mangled by a two-headed ogre
             ... wielding a +0 giant club
              (13 damage)
             ... on level 9 of the Dungeon.
             The game lasted 00:35:29 (8366 turns).

porpoise the Cleaver (Formicid Fighter)             Turns: 8366, Time: 00:35:29

Health: -7/84      AC: 11    Str: 27    XL:     11   Next: 2%
Magic:  18/18      EV:  9    Int:  8    God:    Qazlal [**....]
Gold:   193        SH: 10    Dex: 17    Spells: 10/10 levels left

rFire   . . .      SeeInvis +    w - +3 hand axe (venom)
rCold   . . .      Faith    .    c - +1 buckler
rNeg    . . .      Spirit   .    F - +1 scale mail "Jeskytac" {rPois Str+4 Dex+2}
rPois   +          Reflect  .    (helmet unavailable)
rElec   .          Harm     .    v - +0 cloak
rCorr   .          Rampage  .    E - +0 pair of gloves
Will    ++...                    (no boots) Stlth
                                 y - amulet of the acrobat
HPRegen 0.34/turn                n - ring of willpower
MPRegen 0.16/turn                (no ring)

@: no status effects
A: permanent stasis, dig shafts and tunnels, antennae 3, four strong arms
a: Dig, Shaft Self, Renounce Religion, Upheaval


You were on level 9 of the Dungeon.
You worshipped Qazlal.
Qazlal was pleased with you.
You visited 1 branch of the dungeon, and saw 9 of its levels.

You collected 472 gold pieces.
You spent 279 gold pieces at shops.

Inventory:

Hand Weapons
 a - a +0 demon whip of venom
 b - a +0 shortbow
 w - a +3 hand axe of venom (weapon)
 H - a +0 lajatang
 K - the +11 Singing Sword {sonic wave}
   (You found it on level 7 of the Dungeon)

   It radiates damaging sonic waves as it strikes, especially in combat
   involving dangerous or numerous foes.
 W - a +0 war axe
Missiles
 k - 6 boomerangs
 p - 8 poisoned darts (quivered)
 J - 2 throwing nets
Armour
 c - a +1 buckler (worn)
 m - a +0 kite shield
 v - a +0 cloak (worn)
 x - the +1 leather armour "Puepoelopt" {rF+}
   (You found it on level 4 of the Dungeon)

   rF:        It protects you from fire.
 E - a +0 pair of gloves (worn)
 F - the +1 scale mail "Jeskytac" (worn) {rPois Str+4 Dex+2}
   (You bought it in a shop on level 5 of the Dungeon)

   Str:       It affects your strength (+4).
   Dex:       It affects your dexterity (+2).
   rPois:     It protects you from poison.
 N - +0 steam dragon scales
Jewellery
 e - an amulet of guardian spirit
 n - a ring of willpower (left hand)
 y - an amulet of the acrobat (around neck)
 G - an amulet of faith
Wands
 s - a wand of flame (7)
 I - a wand of digging (6)
 O - a wand of light (4)
Scrolls
 f - 3 scrolls of noise
 g - a scroll of vulnerability
 i - a scroll of fear
 j - a scroll of magic mapping {unknown}
 l - 3 scrolls of enchant armour
 o - a scroll of identify
 t - 2 scrolls of poison
 u - a scroll of butterflies {unknown}
 A - 2 scrolls of fog
 C - a scroll of amnesia {unknown}
 D - 3 scrolls of enchant weapon
 P - a scroll of silence {unknown}
Potions
 d - 3 potions of might
 h - a potion of resistance
 q - 4 potions of lignification
 r - 6 potions of curing
 z - a potion of attraction
 B - 2 potions of cancellation
 L - a potion of invisibility


   Skills:
 - Level 7.0 Fighting
 - Level 10.2(10.5) Axes
 + Level 3.8(7.5) Maces & Flails
 - Level 7.0 Armour
 - Level 4.0 Shields
 + Level 9.8 Invocations


You had 10 spell levels left.
You didn't know any spells.
Your spell library contained the following spells:

 Spells                   Type           Power      Damage    Failure   Level
 Magic Dart               Conj           0%         1d3       73%         1
 Necrotise                Necr           0%         1d4       73%         1
 Call Imp                 Summ           0%         N/A       86%         2
 Dazzling Flash           Conj/Hex       0%         N/A       97%         3
 Mephitic Cloud           Conj/Pois/Air  0%         N/A       97%         3
 Vampiric Draining        Necr           0%         2d6       97%         3
 Animate Armour           Summ/Erth      0%         N/A       100%        4
 Iskenderun's Mystic Bla  Conj/Tloc      0%         2d3       100%        4
 Agony                    Necr           0%         N/A       100%        5
 Blade Hands              Tmut           0%         N/A       100%        5
 Iron Shot                Conj/Erth      0%         9d1       100%        6
 Starburst                Conj/Fire      0%         6d3       100%        6


Dungeon Overview and Level Annotations

Branches:
Dungeon (9/15)             Temple (0/1) D:7             Orc (0/2) D:9
   Lair: D:8-11

Altars:
Fedhas
Gozag
Qazlal
Ru
Vehumet
Xom
Zin
The Shining One

Shops:
D:2 [   D:5 [

Portals:
Abyss: D:5

Annotations:
D:5 2 transporters, Vylera's ghost, amateur DsNe
D:7 3 runed translucent doors, OTABOTABOTAB's ghost, novice MfIE


Innate Abilities, Weirdness & Mutations

You cannot be hasted, slowed, berserked, paralysed or teleported.
You can dig through walls and to a lower floor.
You have a pair of large antennae on your head. (SInv)
Your four strong arms can wield two-handed weapons with a shield.


Message History

You closely miss the warg. The warg bites you but does no damage.
You block the warg's attack.
You hit the warg.
The warg is heavily wounded.
You barely miss the two-headed ogre. You hit the warg but do no damage.
You block the warg's attack. The warg bites you but does no damage.
You completely miss the warg.
The warg is heavily wounded.
You barely miss the two-headed ogre. You completely miss the warg.
The two-headed ogre closely misses you.
The two-headed ogre hits you with a +0 giant spiked club!
The warg bites you but does no damage. The warg bites you!
You closely miss the warg.
The warg is heavily wounded.
You hit the two-headed ogre. You closely miss the warg.
You hit the orc warrior but do no damage.
The orc warrior is poisoned.
The orc warrior hits you with a +0 flail!
The orc warrior hits you from afar with a +0 trident!
The warg closely misses you.
The warg is engulfed in blazing flames.
The warg bites you but does no damage.
The two-headed ogre hits you with a +0 giant club!
The two-headed ogre hits you with a +0 giant spiked club!
* * * LOW HITPOINT WARNING * * *
You completely miss the two-headed ogre.
The two-headed ogre is lightly wounded.
You barely miss the warg. You hit the warg.
The warg is poisoned.
You hit the orc warrior but do no damage.
The orc warrior looks even sicker.
The warg misses you.
The warg is engulfed in blazing flames.
The warg bites you!
* * * LOW HITPOINT WARNING * * *
The orc warrior is engulfed in blazing flames.
You block the orc warrior's attack. The orc warrior completely misses you.
You feel much better. The warg barely misses you.
The warg is engulfed in blazing flames.
The warg bites you!
* * * LOW HITPOINT WARNING * * *
The two-headed ogre hits you with a +0 giant club!!
* * * LOW HITPOINT WARNING * * *
The two-headed ogre hits you with a +0 giant spiked club!
You die...

.................#
...)...##..##....##
...##...####......#
...###........##..#
...#
#+##########.##
...# .....##...#
...# # #.......#
!..# ##..##.8☼...##
...# +.?).'.oh@..>#
{ ...#
##..##.8ohO.## { {
...# # #.......# {
.....##...#
########.## #..#
#......# {##....##
+.8..#


You could see a two-headed ogre, 2 wargs and 2 orc warriors.

Vanquished Creatures
  Amaemon (D:8)
  Maggie (D:8)
  An orange demon (D:8)
  A hornet (D:6)
  3 yaks (D:9)
  A wyvern (D:8)
  Eustachio (D:4)
  2 steam dragons
  A water moccasin (D:8)
  A black bear (D:6)
  An ice beast (D:7)
  2 orc warriors
  6 sky beasts
  2 ogres
  3 centaurs
  2 phantoms
  A bullfrog (D:6)
  Blork the orc (D:4)
  2 necrophages
  5 scorpions
  3 killer bees (D:8)
  2 electric eels (D:4)
  A howler monkey (D:7)
  2 hounds
  2 gnoll boudas
  6 jellies
  4 orc priests
  3 iguanas
  5 orc wizards
  5 adders
  15 gnolls
  A shadow imp (D:7)
  2 white imps (D:6)
  4 ufetubi
  A worm (D:4)
  2 dart slugs (D:5)
  26 orcs
  A ball python (D:1)
  An endoplasm (D:1)
  A giant cockroach (D:3)
  6 goblins
  4 hobgoblins
  2 quokkas (D:1)
  10 bats
  A frilled lizard (D:1)
  4 kobolds
  8 rats
160 creatures vanquished.

Vanquished Creatures (others)
  2 fungi (D:7)
  3 plants
5 creatures vanquished.

Grand Total: 165 creatures vanquished

Notes
Turn   | Place    | Note
-------+----------+-------------------------------------------
     0 | D:1      | porpoise the Formicid Fighter began the quest for the Orb.
     0 | D:1      | Reached XP level 1. HP: 18/18 MP: 1/1
   199 | D:1      | Reached XP level 2. HP: 22/24 MP: 2/2
  1009 | D:2      | Reached skill level 3 in Axes
  1009 | D:2      | Reached XP level 3. HP: 30/30 MP: 3/3
  1062 | D:2      | Found Kipom's Armour Emporium.
  1750 | D:3      | Found a shimmering altar of Xom.
  1751 | D:3      | Found a glowing golden altar of the Shining One.
  2113 | D:3      | Reached XP level 4. HP: 37/37 MP: 4/4
  2405 | D:4      | Noticed Blork the orc
  2413 | D:4      | Found a transporter.
  2421 | D:4      | Killed Blork the orc
  2422 | D:4      | Reached skill level 4 in Axes
  2422 | D:4      | Reached XP level 5. HP: 12/43 MP: 5/5
  2543 | D:4      | Found a transporter.
  2634 | D:4      | Reached skill level 5 in Axes
  2634 | D:4      | Reached XP level 6. HP: 48/50 MP: 6/6
  2713 | D:4      | Noticed Eustachio
  2746 | D:4      | Killed Eustachio
  2747 | D:4      | Reached skill level 5 in Fighting
  2747 | D:4      | Reached XP level 7. HP: 27/56 MP: 7/7
  2866 | D:4      | Found a blossoming altar of Fedhas.
  3091 | D:4      | Reached skill level 6 in Axes
  3448 | D:4      | Found a radiant altar of Vehumet.
  3646 | D:4      | Identified the +1 leather armour "Puepoelopt" {rF+}
  3818 | D:5      | Entered Level 5 of the Dungeon
  3853 | D:5      | Found a transporter.
  3979 | D:5      | Reached skill level 7 in Axes
  4047 | D:5      | Found a transporter.
  4063 | D:5      | Reached XP level 8. HP: 64/64 MP: 8/8
  4219 | D:5      | Found a one-way gate to the infinite horrors of the Abyss.
  4219 | D:5      | Noticed Vylera's ghost (amateur DsNe)
  4274 | D:5      | Found a glowing silver altar of Zin.
  4277 | D:5      | Found a sacrificial altar of Ru.
  4278 | D:5      | Found an opulent altar of Gozag.
  4278 | D:5      | Found a stormy altar of Qazlal.
  4286 | D:5      | Became a worshipper of Qazlal Stormbringer
  4425 | D:5      | Found Xunix's Antique Armour Shoppe.
  4430 | D:5      | Bought a bloodstained scale mail for 279 gold pieces
  4430 | D:5      | Identified the +1 scale mail "Jeskytac" {rPois Str+4 Dex+2}
                  | (You bought it in a shop on level 5 of the Dungeon)
  4615 | D:5      | Reached skill level 1 in Invocations
  5172 | D:6      | Reached skill level 8 in Axes
  5235 | D:6      | Reached XP level 9. HP: 70/72 MP: 12/12
  5610 | D:6      | Noticed a hornet
  5635 | D:6      | Killed a hornet
  5636 | D:6      | Reached skill level 5 in Invocations
  5755 | D:7      | Reached skill level 5 in Armour
  5760 | D:7      | Reached * piety under Qazlal
  5904 | D:7      | Found a staircase to the Ecumenical Temple.
  5952 | D:7      | Reached skill level 9 in Axes
  6086 | D:7      | Found a runed translucent gate.
  6086 | D:7      | Found a runed translucent gate.
  6087 | D:7      | Found a runed translucent gate.
  6089 | D:7      | Noticed a spectral unseen horror
  6089 | D:7      | Noticed OTABOTABOTAB's ghost (novice MfIE)
  6505 | D:7      | Reached XP level 10. HP: 73/79 MP: 15/15
  6834 | D:8      | Noticed an orange demon
  6840 | D:8      | Noticed Amaemon
  6853 | D:8      | Killed an orange demon
  6880 | D:8      | Killed Amaemon
  6881 | D:8      | Reached skill level 10 in Axes
  7116 | D:7      | Reached ** piety under Qazlal
  7162 | D:7      | Reached skill level 1 in Maces & Flails
  7236 | D:7      | Found the +11 Singing Sword {sonic wave}
  7353 | D:8      | Noticed Maggie
  7366 | D:8      | Killed Maggie
  8093 | D:9      | Reached XP level 11. HP: 51/84 MP: 18/18
  8329 | D:9      | Found a staircase to the Orcish Mines.
  8354 | D:9      | Noticed a two-headed ogre
  8366 | D:9      | Mangled by a two-headed ogre

Illustrated notes

Levels and vault maps discovered:
D:1:      ebering_trefoil_3fold, layout_loops_corners
D:2:      layout_basic, serial_shops, shop
D:3:      layout_loops_cross, jmf_multi_god_temple
D:4:      gammafunk_steamed_eel, layout_basic,
          mainiacjoe_overflow_six_doors_small, lemuel_crystal_altar,
          uniq_blork_the_orc, uniq_eustachio
D:5:      layout_gridville, mainiacjoe_overflow_alcove_3, serial_shops, shop,
          gammafunk_ghost_abyssal_escape, minmay_circle_x
D:6:      layout_loops_ring
D:7:      old_forge, layout_cave_pods, minmay_temple_entry_trees,
          gammafunk_ghost_necromancy, dreamdust_mushroom_princess,
          patterned_corridor
D:8:      layout_loops_ring, uniq_amaemon, uniq_maggie
D:9:      layout_basic, david_orc_1_choice, serial_bayou_pond_c, uniq_erica

Skill      XL: |  1  2  3  4  5  6  7  8  9 10 |
---------------+-------------------------------+-----
Axes           | 3 4 5 7 8 9 10 | 10.2
Fighting       | 4 5 6 7 |  7.0
Invocations    | 4 6 9 |  9.8
Armour         | 6 7 |  7.0
Maces & Flails | 3 |  3.8
Shields        | |  4.0

Action                   |  1- 3 |  4- 6 |  7- 9 | 10-12 || total
-------------------------+-------+-------+-------+-------++-------
Melee: War axe           |    41 |       |    17 |     7 ||    65
       Hand axe          |    42 |    36 |   224 |   113 ||   415
       Demon whip        |       |       |       |    75 ||    75
 Fire: Sling             |     4 |       |     8 |       ||    12
       Shortbow          |       |       |     5 |       ||     5
Throw: Dart              |       |     2 |     4 |       ||     6
 Abil: Dig               |       |       |       |     1 ||     1
Evoke: Wand              |       |     3 |       |       ||     3
  Use: Scroll            |     5 |     3 |     5 |     4 ||    17
       Potion            |       |     1 |       |     2 ||     3
Armor: Scale mail        |    38 |    39 |    86 |    57 ||   220
Dodge: Dodged            |    26 |    35 |    90 |    58 ||   209
Block: Buckler           |    15 |    12 |    71 |    66 ||   164

Table legend: (Time is in decaauts)
 A = Elapsed time spent in this place.
 B = Non-inter-level travel time spent in this place.
 C = Inter-level travel time spent in this place.
 D = Time resting spent in this place.
 E = Time spent auto-exploring this place.
 F = Levels seen in this place.
 G = Mean time per level.
                   A        B        C        D        E       F      G
               +--------+--------+--------+--------+--------+-----+--------+
         Total |   8344 |   8042 |    302 |   1725 |   4744 |   9 |  927.1 |
       Dungeon |   8344 |   8042 |    302 |   1725 |   4744 |   9 |  927.1 |
               +--------+--------+--------+--------+--------+-----+--------+

Top non-repeatable levels by time:
     D:4: 1443 daAuts
     D:7: 1135 daAuts
     D:8: 1121 daAuts
     D:6: 1034 daAuts
     D:3: 910 daAuts
     D:5: 887 daAuts
     D:1: 849 daAuts
     D:2: 644 daAuts
     D:9: 317 daAuts
